 Dungeon Crawl Stone Soup version 0.18-a0-952-g309898a (webtiles) character file.

12184 4thArraOfDagon the Sculptor of Flesh (level 11, -7/93 HPs)
             Began as a Centaur Air Elementalist on Dec 30, 2015.
             Was an Elder of Yredelemnul.
             Mangled by an orc warrior
             ... wielding a +1 war axe of chopping
              (15 damage)
             ... on level 1 of the Orcish Mines.
             The game lasted 01:19:18 (10937 turns).

4thArraOfDagon the Sculptor of Flesh (CeAE)        Turns: 10937, Time: 01:19:19

Health: -7/93      AC:  9    Str: 11    XL:     11   Next: 59%
Magic:  13/19      EV: 14    Int: 14    God:    Yredelemnul [****..]
Gold:   350        SH:  0    Dex: 11    Spells: 5 memorised, 2 levels left

rFire  . . .     SeeInvis +     m - +4 quarterstaff (chaos)
rCold  + . .     Gourm    .     N - +2 robe {rC+}
rNeg   + . .     Faith    .     (shield currently unavailable)
rPois  .         Spirit   .     (no helmet)
rElec  .         Dismiss  .     n - +0 cloak
rCorr  .         Reflect  .     e - +1 pair of gloves
SustAt .         Harm     +     (no barding)
MR     +....     Clarity  +     P - amulet of harm
Stlth  ++........               Q - ring of Shadows {Umbra +Inv rN+ SInv}
                                R - +4 ring of evasion

@: wreathed by umbra, repel missiles, very quick, somewhat resistant to hostile
enchantments, unstealthy
A: hooves 3, thin skeletal structure 1, clarity, clumsy 1, deformed body, dopey
1, speed 2, magic resistance 1, tough skin 3
a: Recall Undead Slaves, Injury Mirror, Animate Dead, Drain Life, Renounce
Religion, Evoke Invisibility


You were on level 1 of the Orcish Mines.
You worshipped Yredelemnul.
Yredelemnul was greatly pleased with you.
You were not hungry.

You visited 3 branches of the dungeon, and saw 15 of its levels.
You also visited: Labyrinth and Ossuary.

You collected 1031 gold pieces.
You spent 681 gold pieces at shops.

Inventory:

Hand Weapons
 i - a +2 flail of protection
 m - a +4 quarterstaff of chaos (weapon)
Missiles
 d - 4 javelins of returning (quivered)
 f - 4 needles of paralysis
 q - 4 curare-tipped needles
 x - 35 poisoned needles
Armour
 e - a +1 pair of gloves (worn)
 n - a +0 cloak (worn)
 N - a +2 robe of cold resistance (worn)
Rods
 s - a +0 rod of the swarm (11/12)
   (You found it on level 8 of the Dungeon)
Jewellery
 o - an uncursed amulet of dismissal {unknown}
 B - an uncursed ring of sustain attributes
 K - a +3 ring of intelligence
 P - an amulet of harm (around neck)
 Q - the ring of Shadows (right hand) {Umbra +Inv rN+ SInv}
   (You bought it in a shop on level 7 of the Dungeon)

   [ring of invisibility]

   It protects you from negative energy.
   It lets you see invisible.
   It lets you turn invisible.
 R - a +4 ring of evasion (left hand)
 V - an uncursed ring of wizardry
 W - an uncursed ring of flight
Wands
 g - a wand of slowing (29/48)
 h - a wand of frost (27/48)
 y - a wand of digging (12/24)
 C - a wand of flame (7/48)
 I - a wand of polymorph (3/24)
 M - a wand of draining (8/15)
 O - a wand of fireball (10/15)
 U - a wand of cold (6/15)
Scrolls
 k - 3 scrolls of teleportation
 r - a scroll of enchant weapon
 t - a scroll of immolation
 u - 3 scrolls of recharging
 v - 2 scrolls of remove curse
 S - a scroll of noise
Potions
 a - 4 potions of curing
 j - 2 potions of might
 l - 2 potions of cure mutation
 D - 3 potions of cancellation
 F - a potion of ambrosia
 G - 7 potions of haste
 J - 2 potions of berserk rage
 L - a potion of beneficial mutation {unknown}
Books
 b - a book of Air

   Spells                             Type                      Level
   a - Shock                          Conjuration/Air              1
   b - Swiftness                      Charms/Air                   2
   c - Repel Missiles                 Charms/Air                   2
   d - Static Discharge               Conjuration/Air              3
   e - Lightning Bolt                 Conjuration/Air              5
 A - a book of the Sky

   Spells                             Type                      Level
   a - Summon Lightning Spire         Summoning/Air                4
   b - Airstrike                      Air                          4
   c - Silence                        Hexes/Air                    5
   d - Deflect Missiles               Charms/Air                   6
   e - Conjure Ball Lightning         Conjuration/Air              6
   f - Tornado                        Air                          9
 X - a book of Battle

   Spells                             Type                      Level
   a - Infusion                       Charms                       1
   b - Shroud of Golubria             Charms/Translocation         2
   c - Song of Slaying                Charms                       2
   d - Spectral Weapon                Hexes/Charms                 3
   e - Regeneration                   Charms/Necromancy            3
Comestibles
 c - 6 bread rations
 p - 7 meat rations
 z - 3 chunks of flesh


   Skills:
 + Level 7.6 Fighting
 * Level 9.8 Staves
 - Level 1.0 Armour
 - Level 1.6 Dodging
 - Level 1.2 Stealth
 + Level 1.9 Spellcasting
   Level 2.5 Conjurations
 * Level 2.4 Charms
 * Level 2.1 Necromancy
 - Level 3.6 Air Magic
 - Level 11.0 Invocations
 - Level 5.0 Evocations


You had 2 spell levels left.
You knew the following spells:

 Your Spells              Type           Power        Failure   Level  Hunger
b - Repel Missiles        Chrm/Air       #.....       12%         2    ###....
c - Swiftness             Chrm/Air       #.......     12%         2    ###....
d - Apportation           Tloc           #.........   30%         1    ##.....
e - Regeneration          Chrm/Necr      #.........   30%         3    ####...
f - Spectral Weapon       Hex/Chrm       #.......     47%         3    ####...


Dungeon Overview and Level Annotations

Branches:
Dungeon (12/15)            Temple (1/1) D:4            Lair (0/8) D:9
    Orc (2/2) D:11            Elf (0/3) Orc:2

Altars:
Ashenzari
Cheibriados
Dithmenos
Elyvilon
Fedhas
Kikubaaqudgha
Makhleb
Okawaru
Pakellas
Qazlal
Ru
Sif Muna
Trog
Vehumet
Xom
Yredelemnul
Zin
The Shining One

Shops:
D:7 =   D:8 (   Orc:2 [(

Portals:
Trove: D:11 (give 21 scrolls of identify)

Annotations:
D:2 Natasha, Terence
D:11 exclusion: cyclops
D:12 Harold, Urug


Innate Abilities, Weirdness & Mutations

You have hooves in place of feet.
Armour fits poorly on your strangely shaped body.
You cover ground very quickly.
You have extremely tough skin (AC +3).
You have a somewhat thin skeletal structure (Dex +2, Stealth).
You possess an exceptional clarity of mind.
You are clumsy. (Dex -2)
You are dopey. (Int -2)
You are resistant to hostile enchantments.


Message History

The orc warrior goes berserk!
The orc warrior misses you.
You hit the orc warrior but do no damage.
The orc warrior closely misses you.
You thump the orc warrior! You freeze the orc warrior!
The orc warrior is heavily wounded.
The orc warrior hits you with a war axe of chopping.
Unknown command.
You barely miss the orc warrior. Your kick misses the orc warrior.
The orc warrior is heavily wounded.
The orc warrior hits you but does no damage.
Unknown command.
You hit the orc warrior. You freeze the orc warrior.
The orc warrior is severely wounded.
The orc warrior hits you with a war axe of chopping!!
You barely miss the orc warrior.
The orc warrior is severely wounded.
The orc warrior hits you with a war axe of chopping!!
* * * LOW HITPOINT WARNING * * *
You die...
Your body rises from the dead as a mindless zombie.

##.............##
#............### ###
##.##.#.......#
#####.###..###....[..##
##.#....#.........[#..#####
#.......##.......(.#...#..##
#.#.#............###......#
##..........#.....##......##
#..............@..#....####
##.#............o.[..###
###.........[.......#
##..............######
#.............#########
##............# ##≈≈..##
##..........####≈≈≈≈..##
##.##.#...###.(.≈≈)≈..#
#####....##..(.(≈.≈≈(#


You could see an orc warrior (berserk).

Vanquished Creatures
  A minotaur (Lab)
  An unseen horror (D:11)
  2 orc sorcerers
  Maurice (D:9)
  A gargoyle (Lab)
  2 shadows
  2 yaks (D:11)
  A trapdoor spider (Lab)
  2 basilisks (Lab)
  3 wargs
  2 hippogriffs
  3 necrophages
  10 orc warriors
  4 ice beasts
  2 black bears
  2 sky beasts
  6 ogres
  5 centaurs
  A big kobold (D:7)
  An elf zombie (Ossuary)
  4 giant frogs
  4 killer bees
  2 scorpions
  2 wights (D:10)
  2 quasits
  3 centaur zombies
  3 crimson imps
  2 human zombies (Ossuary)
  3 jellies
  3 giant frog zombies
  4 hounds
  Crazy Yiuf (D:2)
  A gnoll shaman (D:8)
  An orc priest (D:11)
  3 centaur skeletons
  A giant frog skeleton (D:9)
  An iguana (D:9)
  A hell rat (shapeshifter) (D:7)
  4 orc wizards
  6 worker ants
  A big kobold zombie (Ossuary)
  2 hound zombies
  2 hound skeletons
  2 mummies (Ossuary)
  2 worker ant zombies
  17 gnolls
  7 adders
  A shadow imp (D:11)
  3 oozes
  An adder zombie (Ossuary)
  3 adder skeletons
  3 worms
  3 giant geckos
  51 orcs
  2 ball pythons
  4 giant cockroaches
  10 goblins
  10 hobgoblins
  7 jackals (D:7)
  2 quokkas (D:8)
  8 bats
  5 giant newts
  A goblin zombie (Ossuary)
  9 hobgoblin zombies (Ossuary)
  A jackal zombie (Ossuary)
  11 kobolds
  11 kobold zombies (Ossuary)
  8 orc zombies (Ossuary)
  A quokka skeleton (D:4)
  A quokka zombie (D:5)
  3 rats
  A butterfly (D:4)
296 creatures vanquished.

Vanquished Creatures (collateral kills)
  An ettin (Orc:2)
  A hill giant (D:10)
  An orc sorcerer (Orc:2)
  A gargoyle (Lab)
  Psyche (D:8)
  4 yaks (D:11)
  A hippogriff (D:9)
  4 orc warriors
  An eye of draining (D:11)
  2 killer bees (D:11)
  2 wights (D:10)
  A wasp zombie (D:7)
  2 orc priests
  An orc wizard (D:8)
  A gnoll (D:7)
  5 orcs
  A hobgoblin (D:7)
  A kobold (D:7)
31 creatures vanquished.

Vanquished Creatures (others)
  A trapdoor spider zombie (Lab)
  An orc warrior (Orc:2)
  2 yak zombies (D:11)
  A centaur zombie (D:11)
  3 killer bee zombies
  An ogre zombie (D:9)
  2 orc zombies (D:11)
  9 fungi (Orc:2)
20 creatures vanquished.

Grand Total: 347 creatures vanquished

Notes
Turn   | Place    | Note
--------------------------------------------------------------
     0 | D:1      | 4thArraOfDagon the Centaur Air Elementalist began the quest for the Orb.
     0 | D:1      | Reached XP level 1. HP: 14/14 MP: 3/3
     0 | D:1      | hmmm
     0 | D:1      | jacquesderrida: dagen...
     6 | D:1      | 4thArraOfDagon: whadup
    10 | D:1      | Reached skill level 1 in Conjurations
   113 | D:1      | 4thArraOfDagon: im winning this one
   326 | D:2      | Reached skill level 3 in Air Magic
   326 | D:2      | Reached XP level 2. HP: 20/20 MP: 4/4
   427 | D:2      | Noticed Natasha
   585 | D:2      | Noticed Terence
   723 | D:2      | Turgon: Don't die to a cat!
   786 | D:1      | 4thArraOfDagon: im smarter than cat!
   786 | D:1      | 4thArraOfDagon: at least that!
   821 | D:1      | Reached XP level 3. HP: 11/26 MP: 2/5
   826 | D:1      | Learned a level 2 spell: Repel Missiles
  1067 | D:2      | Noticed Crazy Yiuf
  1138 | D:2      | Killed Crazy Yiuf
  1196 | D:2      | Reached XP level 4. HP: 33/33 MP: 6/6
  1197 | D:2      | Turgon: Q-staff of chaos, the right weapon for a gambler!
  1284 | D:2      | Turgon: I think in 49 of 50 fights this weapon will serve you very well
  1335 | D:2      | 4thArraOfDagon: should be fine
  1335 | D:2      | 4thArraOfDagon: and thats quite accurate approximation of probability of managable situations happening
  1350 | D:3      | Turgon: thx
  1356 | D:3      | Reached skill level 1 in Fighting
  1356 | D:3      | Reached skill level 1 in Staves
  1379 | D:3      | Turgon: However, I remember my first game with this weapon, years ago.
  1383 | D:3      | Turgon: Died to a berserking animal in lair iirc
  1383 | D:3      | 4thArraOfDagon: how did it end?
  1403 | D:3      | Turgon: It ended with two words and three dots
  1454 | D:3      | Learned a level 2 spell: Swiftness
  1476 | D:3      | Found a snail-covered altar of Cheibriados.
  1517 | D:3      | Reached XP level 5. HP: 36/40 MP: 0/7
  1567 | D:3      | 4thArraOfDagon: ohh
  1567 | D:3      | 4thArraOfDagon: condolences :(
  1567 | D:3      | Turgon: :-)
  1567 | D:3      | 4thArraOfDagon: i don't want to end that way!
  1587 | D:3      | Found a sacrificial altar of Ru.
  1889 | D:3      | Found a blossoming altar of Fedhas.
  1962 | D:4      | Found a stormy altar of Qazlal.
  1963 | D:4      | Noticed an air elemental
  1963 | D:4      | Noticed a fire elemental
  1963 | D:4      | Noticed a water elemental
  2144 | D:4      | Noticed a phantom
  2159 | D:4      | Found a staircase to the Ecumenical Temple.
  2169 | Temple   | Entered the Ecumenical Temple
  2209 | Temple   | Became a worshipper of Yredelemnul the Dark
  2225 | Temple   | blactaur online
  2475 | D:4      | Found a glowing golden altar of the Shining One.
  2537 | D:4      | Reached XP level 6. HP: 50/50 MP: 8/8
  2560 | D:4      | Reached skill level 1 in Invocations
  2589 | D:4      | Yred accepts
  2622 | D:5      | Entered Level 5 of the Dungeon
  2646 | D:5      | Turgon: what
  2652 | D:5      | Turgon: Yred the boring
  2765 | D:4      | 4thArraOfDagon: Lets have a black celebration
  2765 | D:4      | 4thArraOfDagon: tonight
  2950 | D:5      | Found a glowing silver altar of Zin.
  2951 | D:5      | Noticed an angel
  3055 | D:5      | Found a radiant altar of Vehumet.
  3109 | D:4      | ok
  3140 | D:4      | crawl wants me dead
  3577 | D:6      | Found a shattered altar of Ashenzari.
  3665 | D:6      | Reached skill level 4 in Staves
  3665 | D:6      | Reached XP level 7. HP: 56/56 MP: 3/9
  3819 | D:6      | jacquesderrida: mang, you are not multizapping at all...
  3852 | D:6      | 4thArraOfDagon: im trying!
  3852 | D:6      | 4thArraOfDagon: im trying hard bruh
  3905 | D:6      | jacquesderrida: gotta zap them fat anthropophagists into oblivion
  3945 | D:6      | filipzpl: Hello, why you took centaur to air mage?
  4015 | D:6      | nublet: i guess, air spells have long range, generally
  4044 | D:6      | jacquesderrida: Why you took filipzpl as your name?
  4044 | D:6      | jacquesderrida: Some questions cannot be answered...
  4044 | D:6      | 4thArraOfDagon: what have been questioned it must be answered
  4044 | D:6      | jacquesderrida: The answers to them might terrify the life out of your weak and plagued body
  4044 | D:6      | 4thArraOfDagon: ya
  4107 | D:7      | 4thArraOfDagon: i'm feeling this
  4107 | D:7      | filipzpl: Im out xD
  4107 | D:7      | 4thArraOfDagon: i'm feeling this unexplainable sinister urge to try ce of ae of yred
  4199 | D:7      | Reached * piety under Yredelemnul
  4199 | D:7      | Reached skill level 5 in Staves
  4214 | D:7      | Reached XP level 8. HP: 30/66 MP: 11/11
  4243 | D:7      | trouble
  4255 | D:7      | for you
  4255 | D:7      | haha
  4279 | D:7      | Found Mausidet's Jewellery Shop.
  4293 | D:7      | IMBA UMBRA
  4434 | D:7      | filipzpl: Could you suggest me a Character for Wizard? :)
  4482 | D:7      | Reached skill level 5 in Invocations
  4791 | D:7      | 4thArraOfDagon: wizard?
  4791 | D:7      | 4thArraOfDagon: ogre is quite good
  4791 | D:7      | 4thArraOfDagon: but i prefer halfling! :D
  4967 | D:7      | Reached skill level 6 in Staves
  5078 | D:7      | Reached ** piety under Yredelemnul
  5120 | D:7      | 4thArraOfDagon: it depends
  5120 | D:7      | 4thArraOfDagon: if you want to win
  5120 | D:7      | 4thArraOfDagon: or have fun
  5120 | D:7      | jacquesderrida: he wanted out
  5161 | D:7      | jacquesderrida: he wanted to breathe the free wind once again
  5172 | D:7      | jacquesderrida: Like he used to
  5172 | D:7      | 4thArraOfDagon: haha
  5172 | D:7      | jacquesderrida: He is among the tall hills now
  5172 | D:7      | jacquesderrida: Frollicing in the sun
  5172 | D:7      | 4thArraOfDagon: if he meant that then im not feeling entitled to answer that question
  5172 | D:7      | 4thArraOfDagon: what weather is there for you
  5172 | D:7      | 4thArraOfDagon: and i dont mean 'weather of mind'
  5218 | D:7      | Found a white marble altar of Elyvilon.
  5230 | D:7      | jacquesderrida: It's raining men
  5250 | D:7      | 4thArraOfDagon: free bath!
  5330 | D:7      | jacquesderrida: The only possible weather in our realm
  5395 | D:8      | jacquesderrida: we bathe in the men that fall upon ourselves
  5402 | D:8      | Noticed Psyche
  5510 | D:8      | Noticed a centaur skeleton
  5613 | D:8      | Killed a centaur skeleton
  5613 | D:8      | Reached skill level 7 in Invocations
  5613 | D:8      | Reached XP level 9. HP: 20/73 MP: 11/14
  5700 | D:8      | Reached skill level 5 in Fighting
  5801 | D:8      | Found a sand-covered staircase.
  5805 | D:8      | jacquesderrida: fey kentaro
  5809 | D:8      | jacquesderrida: daaaaang
  5816 | D:8      | jacquesderrida: what a title to have
  5829 | D:8      | Identified a +0 rod of the swarm (12/12) (You found it on level 8 of the Dungeon)
  5863 | Ossuary  | Entered an ossuary
  6022 | Ossuary  | 4thArraOfDagon: im aiming for
  6022 | Ossuary  | 4thArraOfDagon: Blacktaur
  6022 | Ossuary  | 4thArraOfDagon: or fabulous flamingo
  6079 | Ossuary  | jacquesderrida: Pink flamingo in the blacktaurus' garden
  6305 | Ossuary  | 4thArraOfDagon: but i have superstition
  6305 | Ossuary  | 4thArraOfDagon: that this game will go beyond that
  6305 | Ossuary  | 4thArraOfDagon: idk yet
  6395 | D:8      | Found Haqilauwk's Antique Weapon Boutique.
  6426 | D:8      | Reached skill level 1 in Evocations
  6432 | D:8      | Killed Psyche
  6528 | D:8      | Found a shadowy altar of Dithmenos.
  6686 | D:9      | Reached skill level 8 in Invocations
  6838 | D:9      | Learned a level 1 spell: Apportation
  6876 | D:9      | Found a staircase to the Lair.
  6956 | D:9      | Reached *** piety under Yredelemnul
  6965 | D:9      | i can animate legions!
  7028 | D:9      | Noticed Maurice
  7065 | D:9      | Killed Maurice
  7188 | D:9      | Reached XP level 10. HP: 78/83 MP: 16/16
  7364 | D:10     | Entered Level 10 of the Dungeon
  7412 | D:10     | Reached skill level 9 in Invocations
  7480 | D:10     | Noticed a hill giant
  7503 | D:10     | Killed a hill giant
  8040 | D:11     | yred accepts!
  8153 | D:11     | Found a staircase to the Orcish Mines.
  8275 | D:11     | brb
  8425 | D:11     | Found a portal to a secret trove of treasure.
  8494 | D:11     | Received a gift from Yredelemnul
  8511 | D:11     | Killed an unseen horror
  8530 | D:11     | Reached skill level 10 in Invocations
  8534 | D:11     | Gained mutation: You are dopey. (Int -2) [mutagenic meat]
  8535 | D:11     | Gained mutation: You have a somewhat thin skeletal structure (Dex +2, Stealth). [mutagenic meat]
  8536 | D:11     | Gained mutation: You are clumsy. (Dex -2) [mutagenic meat]
  8537 | D:11     | Gained mutation: You possess an exceptional clarity of mind. [mutagenic meat]
  8538 | D:11     | Gained mutation: You are resistant to hostile enchantments. [mutagenic meat]
  8602 | D:12     | Noticed Urug
  8646 | D:11     | Noticed a cyclops
  8732 | D:12     | Noticed Harold
  8985 | Orc:1    | Entered Level 1 of the Orcish Mines
  9103 | D:7      | Bought the ring of Shadows {Umbra +Inv rN+ SInv} for 681 gold pieces
  9396 | Orc:2    | Entered Level 2 of the Orcish Mines
  9396 | Orc:2    | Found Nifamuqusy's Antique Weapon Boutique.
  9396 | Orc:2    | Noticed an orc knight
  9396 | Orc:2    | Noticed an orc sorcerer
  9398 | Orc:2    | Noticed a sun demon
  9419 | Orc:2    | Noticed an ettin
  9425 | Orc:2    | Found a labyrinth entrance.
  9434 | Lab      | Entered a labyrinth
  9503 | Lab      | Reached XP level 11. HP: 71/92 MP: 18/18
  9715 | Lab      | Noticed a minotaur
  9870 | Lab      | Killed a minotaur
  9873 | Lab      | Got an opal-encrusted scale mail
  9901 | Lab      | Learned a level 3 spell: Regeneration
  9905 | Lab      | Learned a level 3 spell: Spectral Weapon
  9934 | Lab      | Identified the +1 scale mail "Boin" {Int+4} (You took it off a minotaur in a labyrinth)
 10013 | Orc:2    | Reached skill level 1 in Armour
 10031 | Orc:2    | Reached **** piety under Yredelemnul
 10167 | Orc:2    | Found Tonin's Antique Armour Emporium.
 10271 | Orc:2    | Kolbur: hey
 10285 | Orc:2    | Killed an ettin
 10285 | Orc:2    | Reached skill level 1 in Charms
 10290 | Orc:2    | 4thArraOfDagon: hi
 10317 | Orc:2    | Reached skill level 1 in Necromancy
 10317 | Orc:2    | Reached skill level 5 in Evocations
 10358 | Orc:2    | Kolbur: my komo did tomb and vaults:5 without MR now ^^
 10386 | Orc:2    | 4thArraOfDagon: nice!
 10392 | Orc:2    | 4thArraOfDagon: any nice loot?
 10403 | Orc:2    | Kolbur: i even had jorgrun in vaults:5
 10418 | Orc:2    | 4thArraOfDagon: recently i've been shatterised by jorgrun
 10418 | Orc:2    | 4thArraOfDagon: 148dmg
 10456 | Orc:2    | Reached skill level 11 in Invocations
 10461 | Orc:2    | Kolbur: barely any loot in the branches, i had to do zig to get my first 2 artefact rings and tele ring
 10466 | Orc:2    | Kolbur: ouch, he shattered me too, that was pretty close
 10466 | Orc:2    | 4thArraOfDagon: are you missing anything
 10501 | Orc:2    | Kolbur: only MR lol
 10507 | Orc:2    | Kolbur: and regen spell maybe
 10518 | Orc:2    | 4thArraOfDagon: got dump?
 10563 | Orc:2    | Kolbur: http://crawl.xtahua.com/crawl/morgue/Kolbur/Kolbur.txt
 10567 | Orc:2    | 4thArraOfDagon: cool
 10567 | Orc:2    | 4thArraOfDagon: how do you like chei?
 10578 | Orc:2    | Noticed an orc warlord
 10621 | Orc:2    | Kolbur: if you can get over his early game he is pretty fun, makes the game quite different
 10637 | Orc:2    | 4thArraOfDagon: yea
 10698 | Orc:2    | Kolbur: statue form damage is pretty insane with high str
 10733 | Orc:1    | Kolbur: would you have gone deeper than zig:10 to find MR?
 10874 | Orc:1    | 4thArraOfDagon: no
 10874 | Orc:1    | 4thArraOfDagon: maybe with mage
 10874 | Orc:1    | 4thArraOfDagon: but with melee its waste of resources
 10935 | Orc:1    | Kolbur: well i got tele ring and left, but playing without MR feels crazy, especially with chei
 10937 | Orc:1    | Mangled by an orc warrior

Vault maps used:
D:1:      dpeg_arrival_ternary
D:2:      uniq_terence, uniq_natasha, uniq_crazy_yiuf_cottage
D:3:      nicolae_ru_awakened_eye, overflow_temple_1_default,
          cheibriados_altar_1, minmay_misc_feat_five,
          kennysheep_generic_room_14, uniq_jessica
D:4:      tso_oasis_becter, nicolae_qazlal_style_of_elements,
          minmay_temple_entry_butterflies
D:5:      grunt_temple_overflow_opulence, zin_angel, fiery_altar_vehumet,
          first_bread
D:6:      lemuel_coloured_pillars_altar, minivault_1, dk_noncrumbling_4
D:7:      corexii_shantytown, old_standard_altar, serial_shops, shop_fountains
D:8:      grunt_dithmenos_smoke, chequers_ossuary_entry_cave, serial_shops,
          shop, uniq_psyche
D:9:      lair_0_dummy, library_closet, uniq_maurice
D:10:     serial_co_window_serial, co_window_of_opportunity_a,
          co_window_of_opportunity_a, co_window_paths_a, co_window_paths_b,
          co_window_cross_1, co_window_paths_c, co_window_2corner,
          co_window_2corner, co_window_corner_b, co_window_broadway_a,
          co_window_of_opportunity_c, co_window_paths_e, glass_columns_a,
          glass_columns_c, glass_columns_a
D:11:     david_orc_3, nicolae_trove_entry_free_sample
D:12:     uniq_harold, uniq_urug
Temple:   cyrus_temple_forest_13
Orc:1:    mines_bat_river
Orc:2:    grunt_orc_gardens, grunt_orc_garden, grunt_orc_garden,
          grunt_orc_garden, grunt_orc_garden, lab_entry_generic,
          minmay_orc_treasury
Lab:      labyrinth_mini_lab, labyrinth_fake_exit, nicolae_lab_t_cross,
          nicolae_lab_diamond
Ossuary:  ossuary_tomb_1

Action                   |  1- 3 |  4- 6 |  7- 9 | 10-12 || total
-------------------------+-------+-------+-------+-------++-------
Melee: Spear             |    70 |       |       |       ||    70
       Mace              |    12 |       |       |       ||    12
       Quarterstaff      |     2 |   156 |   412 |   282 ||   852
 Cast: Shock             |    24 |    55 |   102 |    15 ||   196
       Repel Missiles    |     1 |       |     2 |     3 ||     6
       Swiftness         |       |       |     1 |       ||     1
       Regeneration      |       |       |       |    23 ||    23
       Spectral Weapon   |       |       |       |     1 ||     1
Invok: Animate Remains   |       |       |     3 |       ||     3
       Animate Dead      |       |       |       |     3 ||     3
 Abil: Evoke Invisibilit |       |       |       |     2 ||     2
       Turn Visible      |       |       |       |     2 ||     2
Evoke: Wand              |       |       |     9 |     4 ||    13
       Rod               |       |       |     6 |    13 ||    19
  Use: Potion            |     1 |     1 |     3 |     3 ||     8
       Scroll            |       |     4 |    13 |     8 ||    25
 Stab: Confused          |       |     1 |     1 |       ||     2
       Petrifying        |       |       |     3 |     4 ||     7
       Petrified         |       |       |     1 |       ||     1
       Paralysed         |       |       |     2 |     5 ||     7
       Sleeping          |       |       |       |     3 ||     3
  Eat: Chunk             |     1 |     8 |    13 |    19 ||    41
       Fruit             |       |     1 |     3 |       ||     4
       Beef jerky        |       |     1 |     1 |     1 ||     3
       Pizza             |       |       |     1 |     2 ||     3
       Meat ration       |       |       |       |     1 ||     1
